 Dungeon Crawl Stone Soup version 0.27-a0-808-g60bc5d92e6 (webtiles) character file.

Game seed: 4491537528595676848

1389 funkygono the Thaumaturge (level 8, 0/52 HPs)
             Began as a Djinni Fire Elementalist on Mar 28, 2021.
             Was an Initiate of Cheibriados.
             Slain by an adder (2 damage)
             ... on level 5 of the Dungeon.
             The game lasted 00:11:37 (5789 turns).

funkygono the Thaumaturge (DjFE)                    Turns: 5789, Time: 00:11:37

Health: 0/52       AC:  3    Str:  8    XL:     8   Next: 68%
Gold:   221        EV: 13    Int: 20    God:    Cheibriados [......] SH:  0 Dex: 15

rFire    + + .     SeeInvis .   e - +0 falchion
rCold    x . .     Faith    .   (no shield)
rNeg     . . .     Spirit   .   a - +0 robe
rPois    ∞         Reflect  .   s - +0 helmet
rElec    .         Harm     .   (no cloak)
rCorr    .         Rampage  .   (no gloves)
Will     .....                  (boots unavailable)
Stlth    ++........             (no amulet)
HPRegen  0.17/turn              (no ring)
MPRegen  0.00/turn              (no ring)

@: flying, very slow
A: fire resistance 2, cold vulnerability 1, float, innate caster, hp casting,
extra vitality 1
a: Renounce Religion, Bend Time


You were on level 5 of the Dungeon.
You worshipped Cheibriados.
Cheibriados was noncommittal.
You visited 2 branches of the dungeon, and saw 6 of its levels.

You collected 221 gold pieces.

Inventory:

Hand Weapons
 c - a +0 dagger
 e - a +0 falchion (weapon)
Missiles
 h - 60 stones
Armour
 a - a +0 robe (worn)
 d - a +0 ring mail
 f - a +0 leather armour
 s - a +0 helmet (worn)
Wands
 k - a wand of iceblast (12)
Scrolls
 b - a scroll of enchant weapon {unknown}
 l - a scroll of magic mapping
 o - a scroll of fog {unknown}
 t - a scroll of teleportation
Potions
 g - 2 potions of lignification
 i - 3 potions of heal wounds
 j - a potion of mutation {unknown}
 m - 2 potions of degeneration {unknown}
 n - a potion of invisibility {unknown}


   Skills:
 + Level 1.3 Fighting
 + Level 0.8 Long Blades
 + Level 2.7 Dodging
 - Level 1.5 Stealth
 * Level 8.9 Spellcasting


You had 3 spell levels left.
You knew the following spells:

 Your Spells              Type           Power      Damage    Failure   Level
a - Foxfire               Conj/Fire      100%       2x1d9     1%          1
b - Conjure Flame         Conj/Fire      44%        6-21      1%          3
c - Inner Flame           Hex/Fire       44%        N/A       1%          3
d - Sticky Flame          Conj/Fire      44%        2d6       1%          4
e - Fireball              Conj/Fire      22%        3d10      5%          5
f - Sandblast             Erth           88%        2d18      1%          1
g - Swiftness             Air            44%        N/A       1%          2
h - Ensorcelled Hibernat  Hex/Ice        88%        N/A       1%          2
Your spell library was empty.

Dungeon Overview and Level Annotations

Branches:
Dungeon (5/15)             Temple (1/1) D:4

Altars:
Ashenzari
Cheibriados
Dithmenos
Elyvilon
Gozag
Hepliaklqana
Kikubaaqudgha
Makhleb
Nemelex Xobeh
Okawaru
Qazlal
Ru
Sif Muna
Trog
Vehumet
Wu Jian

Annotations:
D:5 Galthrax's ghost, novice OpTm


Innate Abilities, Weirdness & Mutations

You are immune to poison.
Your flesh is very heat resistant. (rF++)
You are vulnerable to cold. (rC-)
You float through the air rather than walking.
You learn spells naturally, not from books.
Your magical power is your life essence.
You have superior vitality. (+4 HP)


Message History

Aim: a bullfrog (0% to evade)
The sticky flame hits the bullfrog.
The bullfrog is lightly wounded.
The bullfrog is covered in liquid flames!
The bullfrog burns!
The bullfrog hits you.
* * * LOW HITPOINT WARNING * * *
The bullfrog hits you.
* * * LOW HITPOINT WARNING * * *
The bullfrog burns!
The bullfrog hits you.
* * * LOW HITPOINT WARNING * * *
Galthrax's ghost says, "What's the hurry?
You'll die anyway."
You hear the brisk hiss of a distant avalanche of sand.
The bullfrog burns!
The bullfrog misses you.
You riposte.
You hit the bullfrog.
The bullfrog is severely wounded.
The bullfrog burns! x2
You kill the bullfrog!
Cheibriados thoroughly appreciates the change of pace.
Casting: Sticky Flame (dangerous; 1% risk of failure)
Confirm with . or Enter, or press ? or * to list all spells.
You conjure some foxfire!
* * * LOW HITPOINT WARNING * * *
The rat bites you.
* * * LOW HITPOINT WARNING * * *
Your foxfire dissipates!
The foxfire hits the rat.
You kill the rat!
Cheibriados appreciates the change of pace.
Casting: Foxfire (safe; 1% risk of failure)
Confirm with . or Enter, or press ? or * to list all spells.
You conjure some foxfire!
* * * LOW HITPOINT WARNING * * *
The adder bites you.
* * * LOW HITPOINT WARNING * * *
Your foxfire dissipates!
The foxfire hits the adder.
The adder is moderately wounded.
The adder bites you.
* * * LOW HITPOINT WARNING * * *
The adder bites you.
You die...

### .. #≈≈≈# .. ..
#≈$≈############. # ..
#≈≈≈##......<.#.##.## ..
#≈≈≈#.........#.....## #.
####≈wW###.÷S@..........#
#.##..#≈Sw##.......).###..##
...#..##'##w.(.........##
.......(†w†W.##.#..#.#..#
...#####......###..###§##
.... #......##..## #.. ..##.
#..##..#.... .... ..
..........#..## .##.. ..
#........#.. #. #..


You could see 2 worms, Galthrax's ghost and an adder.

Vanquished Creatures
  Eustachio (D:4)
  Edmund (D:5)
  A sky beast (D:5)
  2 necrophages
  2 black bears (D:4)
  3 ogres
  3 bullfrogs
  An iguana (D:4)
  Robin (D:4)
  4 adders
  4 gnolls (D:4)
  A shadow imp (D:4)
  2 worms (D:2)
  3 dart slugs
  4 orcs
  6 ball pythons
  7 bats
  12 endoplasms
  2 giant cockroaches (D:1)
  12 goblins
  10 hobgoblins
  8 jackals (D:1)
  9 kobolds
  6 quokkas
  7 frilled lizards
  7 rats
119 creatures vanquished.

Vanquished Creatures (others)
  371 foxfires
371 creatures vanquished.

Grand Total: 490 creatures vanquished

Notes
Turn   | Place    | Note
-------+----------+-------------------------------------------
     0 | D:1      | funkygono the Djinni Fire Elementalist began the quest for
                  | the Orb.
     0 | D:1      | Reached XP level 1. HP: 15/15 MP: 0/0
     0 | D:1      | Noticed a green draconian
     4 | D:1      | Noticed an iron dragon
     4 | D:1      | Noticed a shadow dragon
     6 | D:1      | Noticed an ice dragon
     8 | D:1      | Noticed a shadow dragon
    11 | D:1      | Noticed an ice dragon
    13 | D:1      | Noticed an iron dragon
    15 | D:1      | Noticed a yellow draconian
    15 | D:1      | Noticed an ice dragon
    15 | D:1      | Noticed a large abomination
    18 | D:1      | Noticed an orb of fire
    20 | D:1      | Noticed a shadow dragon
    77 | D:1      | Reached skill level 3 in Spellcasting
   159 | D:1      | Reached XP level 2. HP: 16/21 MP: 0/0
   709 | D:1      | Reached XP level 3. HP: 8/25 MP: 0/0
   709 | D:1      | Learned a level 1 spell: Sandblast
  1578 | D:1      | Reached skill level 4 in Spellcasting
  1701 | D:2      | Reached XP level 4. HP: 29/31 MP: 0/0
  2189 | D:2      | Found a sparkling altar of Nemelex Xobeh.
  2197 | D:2      | Found a shadowy altar of Dithmenos.
  2197 | D:2      | Found an iron altar of Okawaru.
  2199 | D:2      | Found a burning altar of Makhleb.
  2787 | D:3      | Noticed a bullfrog
  2796 | D:3      | Killed a bullfrog
  2797 | D:3      | Reached skill level 5 in Spellcasting
  2797 | D:3      | Reached XP level 5. HP: 22/35 MP: 0/0
  2797 | D:3      | Learned a level 2 spell: Swiftness
  3121 | D:3      | Noticed an ogre
  3131 | D:3      | HP: 1/35 [ogre/+0 giant club (28)]
  3142 | D:3      | Killed an ogre
  3143 | D:3      | Reached XP level 6. HP: 14/41 MP: 0/0
  3921 | D:4      | Found a staircase to the Ecumenical Temple.
  3922 | D:4      | Noticed Robin
  3923 | D:4      | Noticed a black bear
  4044 | D:4      | Noticed a black bear
  4049 | D:4      | Killed a black bear
  4050 | D:4      | Reached skill level 6 in Spellcasting
  4063 | D:4      | Noticed Eustachio
  4301 | D:4      | Reached XP level 7. HP: 43/46 MP: 0/0
  4301 | D:4      | Learned a level 2 spell: Ensorcelled Hibernation
  4308 | D:4      | Killed Eustachio
  4309 | D:4      | Reached skill level 1 in Fighting
  4428 | D:4      | Reached skill level 7 in Spellcasting
  4635 | D:4      | Killed Robin
  4774 | D:4      | Reached XP level 8. HP: 32/52 MP: 0/0
  4912 | Temple   | Entered the Ecumenical Temple
  4939 | Temple   | Became a worshipper of Cheibriados the Contemplative
  5339 | D:5      | Entered Level 5 of the Dungeon
  5462 | D:5      | Noticed Edmund
  5472 | D:5      | Killed Edmund
  5473 | D:5      | Reached skill level 8 in Spellcasting
  5640 | D:5      | Found a runed translucent door.
  5665 | D:5      | Noticed Galthrax's ghost (novice OpTm)
  5788 | D:5      | HP: 2/52 [adder (3)]
  5789 | D:5      | Slain by an adder

Illustrated notes

Levels and vault maps discovered:
D:1:      shiori_arrival_whats_in_store_for_you, layout_basic, st_stairs_13,
          minmay_heptomino_w4
D:2:      minmay_general_purpose_star, layout_rooms, minitemple
D:3:      layout_loops_ring, chequers_serial_rivers_large_a
D:4:      layout_rooms, minmay_temple_entry_glass, uniq_robin, uniq_eustachio
D:5:      layout_cave_pools, nicolae_uskayaw_dance_studio, enter_ossuary_2,
          ebering_ghost_sewer_f, minmay_shop_mayhem, uniq_edmund
Temple:   nicolae_temple_hex_pool

Skill      XL: |  1  2  3  4  5  6  7  8 |
---------------+-------------------------+-----
Spellcasting   | 3 4 5 6 7 8 |  8.9
Fighting       | 1 |  1.3
Long Blades    | |  0.8
Dodging        | |  2.7
Stealth        | |  1.5

Action                   |  1- 3 |  4- 6 |  7- 9 || total
-------------------------+-------+-------+-------++-------
Melee: Falchion          |     5 |       |       ||     5
 Cast: Foxfire           |    54 |    97 |    71 ||   222
       Sandblast         |       |     6 |       ||     6
       Swiftness         |       |     1 |       ||     1
       Sticky Flame      |       |       |     6 ||     6
  Use: Scroll            |     2 |     3 |     3 ||     8
       Potion            |       |     1 |       ||     1
Armor: Robe              |     4 |     6 |     2 ||    12
Dodge: Dodged            |    18 |    18 |    17 ||    53
       Rpst.: Falchion   |     4 |     3 |     4 ||    11

Table legend: (Time is in decaauts)
 A = Elapsed time spent in this place.
 B = Non-inter-level travel time spent in this place.
 C = Inter-level travel time spent in this place.
 D = Time resting spent in this place.
 E = Time spent auto-exploring this place.
 F = Levels seen in this place.
 G = Mean time per level.
                   A        B        C        D        E       F      G
               +--------+--------+--------+--------+--------+-----+--------+
         Total |   5882 |   5804 |     78 |    512 |   4491 |   6 |  980.3 |
       Dungeon |   5795 |   5727 |     68 |    512 |   4417 |   5 | 1159.0 |
        Temple |     86 |     77 |      9 |      0 |     73 |   1 |   86.0 |
               +--------+--------+--------+--------+--------+-----+--------+

Top non-repeatable levels by time:
     D:1: 1697 daAuts
     D:3: 1538 daAuts
     D:4: 1134 daAuts
     D:2: 959 daAuts
     D:5: 465 daAuts
  Temple: 86 daAuts
